 Dungeon Crawl Stone Soup version 0.28.0-49-g6dfe1f597d (webtiles) character file.

Game seed: 1746303527521604486

48 Keeper01 the Skirmisher (level 3, -4/34 HPs)
             Began as a Minotaur Berserker on May 13, 2022.
             Was a Follower of Trog.
             Slain by an iguana (13 damage)
             ... on level 3 of the Dungeon on May 20, 2022.
             The game lasted 00:07:55 (1914 turns).

Keeper01 the Skirmisher (Minotaur Berserker)        Turns: 1914, Time: 00:07:55

Health: -4/34      AC:  2    Str: 23    XL:     3   Next: 50%
Magic:  2/2        EV: 12    Int:  4    God:    Trog [*.....]
Gold:   73         SH:  0    Dex:  9    Spells: 2/2 levels left

rFire   . . .      SeeInvis .   a - +0 mace
rCold   . . .      Faith    .   (no shield)
rNeg    . . .      Spirit   .   b - +0 animal skin
rPois   .          Reflect  .   (helmet restricted)
rElec   .          Harm     .   (no cloak)
rCorr   .          Rampage  .   (no gloves)
Will    .....                   (no boots)
Stlth   +.........              (no amulet)
HPRegen 0.11/turn               (no ring)
MPRegen 0.08/turn               (no ring)

@: no status effects
A: horns 2, retaliatory headbutt
a: Renounce Religion, Berserk


You were on level 3 of the Dungeon.
You worshipped Trog.
Trog was aware of your devotion.
You visited 1 branch of the dungeon, and saw 3 of its levels.

You collected 73 gold pieces.

Inventory:

Hand Weapons
 a - a +0 mace (weapon)
Armour
 b - a +0 animal skin (worn)
Scrolls
 c - 3 scrolls of identify {unknown}
 f - a scroll of blinking {unknown}
 g - a scroll of noise {unknown}
 i - a scroll of teleportation {unknown}
Potions
 d - 2 potions of curing {unknown}
 e - 2 potions of heal wounds {unknown}
 h - a potion of lignification {unknown}


   Skills:
 + Level 4.4 Fighting
 + Level 4.3 Maces & Flails
 + Level 2.8 Armour
 + Level 2.5 Dodging
 + Level 0.1 Stealth


You had 2 spell levels left.
You didn't know any spells.
Your spell library was empty.

Dungeon Overview and Level Annotations

Branches:
Dungeon (3/15)

Altars:
Trog


Innate Abilities, Weirdness & Mutations

You have a pair of horns on your head.
You reflexively headbutt those who attack you in melee.


Message History

a +0 dagger; 5 stones
There is an open door here.
You see here a ball python skeleton.
A rat comes into view.
The rat twitches its whiskers.
The rat bites you.
Found a stone staircase leading down.
The rat bites you but does no damage.
You hit the rat.
You kill the rat!
Trog accepts your kill.
HP restored.
There is an open door here.
You now have 73 gold pieces (gained 9).
Found a stone staircase leading up.
Done exploring.
There is a stone staircase leading down here.
You climb downwards.
The iguana hisses angrily.
There is a stone staircase leading up here.
You hit the iguana but do no damage. You headbutt the iguana.
The iguana is moderately wounded.
The iguana closely misses you.
You hit the iguana but do no damage. You headbutt the iguana!
The iguana is severely wounded.
The iguana bites you!
You completely miss the iguana.
You headbutt the iguana, but do no damage.
The iguana is severely wounded.
The iguana bites you but does no damage.
You closely miss the iguana.
The iguana is severely wounded.
The iguana bites you!
You closely miss the iguana.
The iguana is severely wounded.
The iguana bites you!
* * * LOW HITPOINT WARNING * * *
You hit the iguana but do no damage. You punch the iguana.
The iguana is severely wounded.
The iguana bites you!
You die...

###
#<#
#@#
#l#
#.#
#.#
#.#
#.#
#.#
..#


You could see an iguana.

Vanquished Creatures
  An adder (D:2)
  A worm (D:2)
  2 dart slugs (D:1)
  2 bats (D:1)
  3 giant cockroaches
  4 goblins (D:1)
  A hobgoblin (D:1)
  4 kobolds
  4 quokkas
  A ball python (D:2)
  3 frilled lizards
  4 rats (D:2)
30 creatures vanquished.

Notes
Turn   | Place    | Note
-------+----------+-------------------------------------------
     0 | D:1      | Keeper01 the Minotaur Berserker began the quest for the
                  | Orb.
     0 | D:1      | Reached XP level 1. HP: 19/19 MP: 0/0
   392 | D:1      | Reached XP level 2. HP: 27/27 MP: 1/1
   506 | D:1      | Found a faded altar of an unknown god.
  1300 | D:2      | Found a bloodstained altar of Trog.
  1404 | D:2      | Reached XP level 3. HP: 33/33 MP: 2/2
  1914 | D:3      | Slain by an iguana

Illustrated notes

Levels and vault maps discovered:
D:1:      lemuel_arrival_lava_pool, layout_basic,
          shapermc_ecumenical_altar_notcrosses
D:2:      layout_basic, basic_altar
D:3:      layout_basic, mainiacjoe_overflow_chevrons, serial_shops, shop,
          ebering_ghost_disaster_area, st_stairs_13, uniq_sigmund, uniq_terence

Skill      XL: |  1  2 |
---------------+-------+-----
Maces & Flails | 4 |  4.3
Fighting       | 4 |  4.4
Armour         | |  2.8
Dodging        | |  2.5
Stealth        | |  0.1

Action                   || total
-------------------------++-------
Melee: Mace              ||    65
       Headbutt          ||    10
       Punch             ||     1
Armor: Animal skin       ||    17
Dodge: Dodged            ||    49
